 Dungeon Crawl Stone Soup version 0.19-a0-811-gf4045fb (webtiles) character file.

420 Ordine the Insei (level 6, -8/43 HPs)
             Began as an Octopode Monk on June 28, 2016.
             Was a Believer of Cheibriados.
             Mangled by Duvessa
             ... wielding a +0 short sword
              (17 damage)
             ... on level 4 of the Dungeon.
             The game lasted 00:09:15 (3471 turns).

Ordine the Insei (Octopode Monk)                    Turns: 3471, Time: 00:09:16

Health: -8/43      AC:  2    Str: 13 (14) XL:     6   Next: 94%
Magic:  6/6        EV: 14    Int: 16 (18) God:    Cheibriados [**....]
Gold:   151        SH:  0    Dex: 17      Spells: 0 memorised, 5 levels left

rFire  . . .     SeeInvis .       - Unarmed
rCold  . . .     Gourm    .     (no shield)
rNeg   . . .     Faith    .     (helmet restricted)
rPois  .         Spirit   .     (no amulet)
rElec  .         Dismiss  .     (no ring)
rCorr  .         Reflect  .     (no ring)
SustAt .         Harm     .     (no ring)
MR     .....                    (no ring)
Stlth  ++++......               (no ring)
                                (no ring)
                                (no ring)
                                (no ring)

@: very slow, not resistant to hostile enchantments, stealthy
A: almost no armour, amphibious, 8 rings, constrict 8, icy blue scales 1,
camouflage 1, clumsy 1, slow regeneration 1, gelatinous body 1
a: Bend Time, Renounce Religion


You were on level 4 of the Dungeon.
You worshipped Cheibriados.
Cheibriados was pleased with you.
You were near starving.

You visited 2 branches of the dungeon, and saw 5 of its levels.

You collected 151 gold pieces.

Inventory:

Missiles
 g - 82 stones (quivered)
Scrolls
 b - 2 scrolls of recharging
 i - a scroll of magic mapping
 j - 3 scrolls of amnesia
 k - a scroll of remove curse
Potions
 l - a potion of curing
Comestibles
 a - 3 bread rations
 d - a beef jerky
 f - a fruit


   Skills:
 + Level 4.1 Fighting
 + Level 4.3 Dodging
 + Level 5.1 Stealth
 * Level 5.3 Unarmed Combat


You had 5 spell levels left.
You didn't know any spells.

Dungeon Overview and Level Annotations

Branches:
Dungeon (4/15)             Temple (1/1) D:4

Altars:
Ashenzari
Cheibriados
Elyvilon
Fedhas
Gozag
Hepliaklqana
Kikubaaqudgha
Makhleb
Okawaru
Pakellas
Qazlal
Sif Muna
Trog
Uskayaw
Vehumet
Xom
Yredelemnul
The Shining One

Annotations:
D:4 Duvessa


Innate Abilities, Weirdness & Mutations

You cannot wear most types of armour.
You are amphibious.
You can wear up to eight rings at the same time.
You can use your tentacles to constrict eight enemies at once.
Your skin changes colour to match your surroundings (Stealth+).
Your rubbery body absorbs attacks. (AC +1)
You are partially covered in icy blue scales. (AC +1)
You are clumsy. (Dex -2)
You regenerate slowly when monsters are visible.


Message History

You constrict Duvessa, but do no damage.
Duvessa hits you with a short sword!
You tentacle-slap Duvessa.
Duvessa is moderately wounded.
You constrict Duvessa. Duvessa misses you. Duvessa barely misses you.
You barely miss Duvessa.
Duvessa is moderately wounded.
You constrict Duvessa, but do no damage.
Duvessa barely misses you.
You bludgeon Duvessa!
Duvessa is heavily wounded.
You constrict Duvessa. Duvessa hits you with a short sword.
You tentacle-slap Duvessa but do no damage.
You squeeze Duvessa!
Duvessa is severely wounded.
You constrict Duvessa. Duvessa hits you with a short sword!
* * * LOW HITPOINT WARNING * * *
Duvessa closely misses you.
You feel better.
You constrict Duvessa. Duvessa hits you with a short sword!
You die...

..... #....#.......'......
...###########... #####'#########
..##....##.#....####.............
.##.....#..#....#..#.............
##......#..#....#..#.............
........#..#....#..#.............
>.......+..#....#..#.....####'##.
........#......e##'#.....#.....'.
##'#....##..####@...######.....#.
#..#........# #....#...#......##
...#........# #....'...######'##
...#........# #....#...#.......#
...#........# #....#...#.......#
...+........# #....#...#.......#
#..#........####......#.#.......#
#..#....#####....##############..
#....# #....# #..


You could see Duvessa (berserk).

Vanquished Creatures
  Edmund (D:4)
  A scorpion (D:4)
  Dowan (D:4)
  2 orc wizards
  Crazy Yiuf (D:2)
  3 adders
  2 oozes
  3 worms (D:2)
  3 dart slugs
  2 giant geckos
  8 orcs (D:4)
  4 bats
  2 giant cockroaches
  5 goblins
  10 hobgoblins
  7 kobolds
  A ball python (D:4)
  4 giant newts
  A quokka skeleton (D:4)
  7 rats
68 creatures vanquished.

Notes
Turn   | Place    | Note
--------------------------------------------------------------
     0 | D:1      | Ordine the Octopode Monk began the quest for the Orb.
     0 | D:1      | Reached XP level 1. HP: 16/16 MP: 1/1
    74 | D:1      | Reached XP level 2. HP: 10/21 MP: 2/2
   740 | D:2      | Found a white marble altar of Elyvilon.
   784 | D:2      | Reached XP level 3. HP: 26/26 MP: 3/3
  1092 | D:2      | Found a shattered altar of Ashenzari.
  1136 | D:2      | Found a deep blue altar of Sif Muna.
  1188 | D:2      | Found a runed door.
  1228 | D:2      | Reached XP level 4. HP: 31/31 MP: 4/4
  1506 | D:2      | Found a bloodstained altar of Trog.
  1679 | D:2      | Noticed Crazy Yiuf
  1686 | D:2      | Killed Crazy Yiuf
  1777 | D:3      | Found a faded altar of an unknown god.
  1969 | D:3      | Reached XP level 5. HP: 26/36 MP: 5/5
  2095 | D:4      | Noticed Dowan
  2148 | D:4      | Found a blossoming altar of Fedhas.
  2206 | D:4      | Noticed Edmund
  2329 | D:4      | Gained mutation: You are clumsy. (Dex -2) [potion of mutation]
  2329 | D:4      | Gained mutation: You regenerate slowly when monsters are visible. [potion of mutation]
  2329 | D:4      | Gained mutation: You are partially covered in icy blue scales. (AC +1) [potion of mutation]
  2725 | D:4      | Found a stormy altar of Qazlal.
  2728 | D:4      | Found a staircase to the Ecumenical Temple.
  2746 | D:4      | Reached XP level 6. HP: 29/43 MP: 6/6
  2956 | D:4      | Killed Edmund
  2956 | D:4      | Reached skill level 5 in Stealth
  2956 | D:4      | Reached skill level 5 in Unarmed Combat
  2967 | Temple   | Entered the Ecumenical Temple
  3425 | Temple   | Became a worshipper of Cheibriados the Contemplative
  3425 | Temple   | Reached * piety under Cheibriados
  3425 | Temple   | Reached ** piety under Cheibriados
  3452 | D:4      | Noticed Duvessa
  3464 | D:4      | Killed Dowan
  3471 | D:4      | Mangled by Duvessa

Vault maps used:
D:1:      scummos_arrival_checkerplants, hangedman_decor_riveting
D:2:      lemuel_crystal_altar, minitemple, serial_curves, eino_curves_04,
          eino_curves_02, evilmike_ruin_ashenzari, uniq_crazy_yiuf_cottage
D:3:      ecumenical_altar_1
D:4:      lemuel_round_altar, first_bread, fedhas_altar_2, uniq_duvessa,
          uniq_edmund
Temple:   eino_temple_water

Skill      XL: |  1  2  3  4  5  6 |
---------------+-------------------+-----
Stealth        | 3 4 5 |  5.1
Unarmed Combat | 4 5 |  5.3
Dodging        | 4 |  4.3
Fighting       | 4 |  4.1

Action                   |  1- 3 |  4- 6 || total
-------------------------+-------+-------++-------
Melee: Unarmed           |    70 |   100 ||   170
       Constrict         |    21 |    18 ||    39
       Tentacles         |    12 |    27 ||    39
       Punch             |     2 |     2 ||     4
  Use: Scroll            |     6 |       ||     6
       Potion            |       |     7 ||     7
 Stab: Sleeping          |     9 |    11 ||    20
  Eat: Chunk             |     1 |     5 ||     6
Armor: Skin              |     5 |     5 ||    10
Dodge: Dodged            |    26 |    40 ||    66
